 Dungeon Crawl Stone Soup version 0.28.0-47-ge53b351184 (webtiles) character file.

Game seed: 8375093636910749425

112 GigaChad the Skirmisher (level 4, -2/37 HPs)
             Began as a Palentonga Fighter on Apr 27, 2022.
             Was a Believer of Uskayaw.
             Slain by an orc
             ... wielding a +0 trident
              (4 damage)
             ... on level 3 of the Dungeon.
             The game lasted 00:06:44 (2709 turns).

GigaChad the Skirmisher (Palentonga Fighter)        Turns: 2709, Time: 00:06:45

Health: -2/37      AC:  8    Str: 20    XL:     4   Next: 64%
Magic:  4/4        EV:  5    Int:  8    God:    Uskayaw [**....]
Gold:   86         SH:  4    Dex: 11    Spells: 3/3 levels left

rFire   . . .      SeeInvis +   a - +0 long sword
rCold   . . .      Faith    .   c - +0 buckler
rNeg    . . .      Spirit   .   f - +0 chain mail
rPois   .          Reflect  .   (no helmet)
rElec   .          Harm     .   (no cloak)
rCorr   .          Rampage  .   (no gloves)
Will    .....                   (no barding)
Stlth   ..........              (no amulet)
HPRegen 0.12/turn               (no ring)
MPRegen 0.09/turn               (no ring)

@: no status effects
A: large, rugged brown scales 3, see invisible, deformed body, roll 1, armoured
tail
a: Rolling Charge, Renounce Religion, Stomp, Line Pass


You were on level 3 of the Dungeon.
You worshipped Uskayaw.
Uskayaw was noncommittal.
You visited 1 branch of the dungeon, and saw 3 of its levels.

You collected 86 gold pieces.

Inventory:

Hand Weapons
 a - a +0 long sword (weapon)
 e - a +0 hand crossbow
 l - a +0 falchion
Missiles
 j - 2 atropa-tipped darts
Armour
 b - a +0 scale mail
 c - a +0 buckler (worn)
 f - a +0 chain mail (worn)
Jewellery
 g - a ring of protection from cold
Scrolls
 i - a scroll of fog {unknown}
 k - a scroll of teleportation
Potions
 d - a potion of might
 h - a potion of berserk rage {unknown}
 m - a potion of curing {unknown}


   Skills:
 + Level 3.4 Fighting
 + Level 3.3 Long Blades
 + Level 2.9 Armour
 + Level 0.4 Dodging
 + Level 3.1 Shields


You had 3 spell levels left.
You didn't know any spells.
Your spell library was empty.

Dungeon Overview and Level Annotations

Branches:
Dungeon (3/15)

Altars:
Sif Muna
Uskayaw


Innate Abilities, Weirdness & Mutations

You are completely covered in rugged brown scales. (AC +3, +7% HP)
You have supernaturally acute eyesight. (SInv)
Armour fits poorly on your strangely shaped body.
You can roll at nearby foes to attack.
You have a long armoured tail.


Message History

There is a stone staircase leading down here.
There is an open door here.
There is a stone staircase leading down here.
An orc comes into view.
It is wielding a +0 trident and carrying a wand of flame (13).
The orc shouts!
A hobgoblin comes into view.
The hobgoblin shouts!
An orc comes into view. It is wielding a +0 spear.
The orc shouts!
You hear a shout!
The orc zaps a wand.
The puff of flame hits you.
The orc moves out of view.
An orc comes into view. It is wielding a +0 short sword.
The hobgoblin barely misses you.
You barely miss the hobgoblin.
Your tail-slap misses the hobgoblin.
The orc barely misses you. You block the hobgoblin's attack.
The orc zaps a wand.
The puff of flame hits you!
You slash the hobgoblin!
You kill the hobgoblin!
The orc hits you but does no damage.
You barely miss the orc. The orc hits you with a +0 spear.
The orc hits you but does no damage. The orc hits you with a +0 spear.
You hit the orc.
The orc is heavily wounded.
The orc hits you from afar with a +0 trident.
The orc barely misses you.
You hit the orc.
You kill the orc!
The orc zaps a wand.
The puff of flame hits you but does no damage.
The orc hits you from afar with a +0 trident!
You closely miss the orc.
Your tail-slap misses the orc.
The orc hits you but does no damage. You block the orc's attack.
The orc hits you with a +0 short sword.
* * * LOW HITPOINT WARNING * * *
You barely miss the orc. You tail-slap the orc!
You kill the orc!
The orc zaps a wand.
The puff of flame hits you!
* * * LOW HITPOINT WARNING * * *
You can now pass through a line of other dancers.
The orc hits you with a +0 trident.
You die...

###.####'### #.........#. #.#
#.#<#########.####.#.
########.####(#......## #.# #.#.
...........##.#.......###.# #.#.
.#######.#.##...##.##..##.####.#.
........>.(......#.#...........#.
##########.....#.....#..#.###..#.
#####.##...##.##......#.
#...@o_.....)#####.#.
........##...##...# #..#
######..#.....#...# ##.#
......#.#.....# ####.#
#.#...##.##....# #.....
#.#.#..........# #..... #
#.##.....#.### #....[ #.
###..##.#####..รท..
#.###.##........


You could see an orc.

Vanquished Creatures
  4 adders (D:3)
  A river rat (D:3)
  2 worms (D:2)
  2 dart slugs (D:1)
  6 orcs (D:3)
  3 ball pythons
  6 bats
  2 endoplasms
  2 giant cockroaches (D:3)
  2 goblins
  4 hobgoblins
  4 jackals (D:1)
  2 kobolds
  3 quokkas
  2 frilled lizards
  4 rats
49 creatures vanquished.

Notes
Turn   | Place    | Note
-------+----------+-------------------------------------------
     0 | D:1      | GigaChad the Palentonga Fighter began the quest for the
                  | Orb.
     0 | D:1      | Reached XP level 1. HP: 19/19 MP: 1/1
   274 | D:1      | Reached XP level 2. HP: 21/25 MP: 2/2
  1126 | D:2      | Reached XP level 3. HP: 31/31 MP: 3/3
  1425 | D:2      | Found a faded altar of an unknown god.
  1429 | D:2      | Prayed at the altar of an unknown god.
  1429 | D:2      | Became a worshipper of Uskayaw the Reveller
  1429 | D:2      | Reached * piety under Uskayaw
  1883 | D:3      | Reached ** piety under Uskayaw
  1930 | D:3      | Reached XP level 4. HP: 7/37 MP: 4/4
  2020 | D:3      | Found a shimmering blue altar of Sif Muna.
  2709 | D:3      | Slain by an orc

Illustrated notes

Levels and vault maps discovered:
D:1:      minmay_arrival_loop, layout_basic
D:2:      layout_rooms, basic_ecumenical_altar, corexii_item_surrounded_by_moat
D:3:      layout_basic, mainiacjoe_overflow_small_starburst,
          portal_sewer_entry_a

Skill      XL: |  1  2  3 |
---------------+----------+-----
Shields        | 3 |  3.1
Long Blades    | 3 |  3.3
Fighting       | |  3.4
Armour         | |  2.9
Dodging        | |  0.4

Action                   |  1- 3 |  4- 6 || total
-------------------------+-------+-------++-------
Melee: Long sword        |    99 |    36 ||   135
       Tailslap          |     6 |     6 ||    12
  Use: Scroll            |     2 |       ||     2
Armor: Scale mail        |    12 |       ||    12
       Chain mail        |    62 |    16 ||    78
Dodge: Dodged            |    34 |     8 ||    42
Block: Buckler           |    27 |     6 ||    33
